 Dungeon Crawl Stone Soup version 0.30.0-17-ge0270778cf (webtiles) character file.

Game seed: 17386336298291338392

92 NateTC the Shooter (level 4, -4/22 HPs)
             Began as a Spriggan Hunter on May 21, 2023.
             Killed by divine providence
             ... invoked by an orc priest
              (14 damage)
             ... on level 3 of the Dungeon.
             The game lasted 00:04:14 (1844 turns).

NateTC the Shooter (Spriggan Hunter)                Turns: 1844, Time: 00:04:14

Health: -4/22      AC:  3    Str:  9    XL:     4   Next: 35%
Magic:  5/5        EV: 18    Int: 10    God:
Gold:   117        SH:  0    Dex: 20    Spells: 3/3 levels left

rFire   . . .        a - +0 shortbow (freeze)
rCold   . . .        (shield currently unavailable)
rNeg    . . .        c - +0 robe
rPois   .            (helmet restricted)
rElec   .            g - +0 cloak
rCorr   .            (gloves unavailable)
SInv    +            (boots unavailable)
Will    .....        m - amulet of Tynerumipn {RegenMP +Blink Str+2}
Stlth   ++           (no ring)
HPRegen 0.23/turn    (no ring)
MPRegen 0.49/turn

%: no passive effects
@: very quick
A: very small, no large weapons, unfitting armour, see invisible, speed 3
a: Evoke Blink


You were on level 3 of the Dungeon.
You visited 1 branch of the dungeon, and saw 3 of its levels.

You collected 117 gold pieces.

Inventory:

Hand Weapons
 a - a +0 shortbow of freezing (weapon)
Armour
 c - a +0 robe (worn)
 g - a +0 cloak (worn)
Jewellery
 m - the amulet of Tynerumipn (around neck) {RegenMP +Blink Str+2}
   (You found it on level 2 of the Dungeon)

   [amulet of magic regeneration]

   It increases your rate of magic regeneration.
   Str:       It affects your strength (+2).
   +Blink:    It lets you blink.
Scrolls
 b - 3 scrolls of immolation
 f - a scroll of magic mapping {unknown}
 h - 2 scrolls of brand weapon
 i - a scroll of teleportation {unknown}
 k - 2 scrolls of vulnerability {unknown}
 n - a scroll of poison {unknown}
Potions
 d - 2 potions of curing
 e - a potion of lignification
 j - a potion of attraction {unknown}
 l - a potion of brilliance
 o - a potion of flight {unknown}
 p - a potion of degeneration {unknown}


   Skills:
 - Level 1.5 Fighting
 * Level 5.8 Ranged Weapons
 * Level 2.9 Dodging
 - Level 1.5 Stealth


You had 3 spell levels left.
You didn't know any spells.
Your spell library was empty.

Dungeon Overview and Level Annotations

Branches:
Dungeon (3/15) Zot: 16672

Altars:
Cheibriados

Shops:
D:1 !


Innate Abilities, Weirdness & Mutations

You are very small and have problems with some larger weapons.
You are too small for most types of armour.
You have supernaturally acute eyesight. (SInv)
You cover ground extremely quickly. (Speed+++)


Message History

An orc comes into view. It is wielding a +0 hand axe.
The orc priest looks braver for a moment.
The orc shouts!
You shoot an arrow.
The arrow closely misses the orc priest.
The orc priest calls down the wrath of Beogh upon you.
Beogh smites you!
Ouch! That really hurt!
You are too injured to fight recklessly!
You are too injured to fight recklessly!
Found a dagger.
You are too injured to fight recklessly!
You are too injured to fight recklessly!
You are too injured to fight recklessly!
Fire: a) +0 shortbow (freeze)
Press: ? - help, Q - select action, (/) - cycle Shift-Dir - straight line, f - orc
Aim: an orc, wielding a +0 hand axe and wearing a +0 leather armour (64% to hit)
You shoot an arrow. The arrow hits the orc.
The arrow freezes the orc.
You kill the orc!
Fire: a) +0 shortbow (freeze)
Press: ? - help, Q - select action, (/) - cycle Shift-Dir - straight line, f - orc
Aim: an orc, wielding a +0 mace (64% to hit)
You shoot an arrow. The arrow hits the orc!
The arrow freezes the orc.
You kill the orc!
You start resting.
An orc priest is nearby!
Fire: a) +0 shortbow (freeze)
Press: ? - help, Q - select action, (/) - cycle Shift-Dir - straight line, f - orc priest
Aim: an orc priest, wielding a +0 trident (lightly wounded, 64% to hit)
You shoot an arrow. The arrow barely misses the orc priest.
Fire: a) +0 shortbow (freeze)
Press: ? - help, Q - select action, (/) - cycle Shift-Dir - straight line, f/p - orc priest
Aim: an orc priest, wielding a +0 trident (lightly wounded, 64% to hit)
You shoot an arrow. The arrow hits the orc priest!
The arrow freezes the orc priest.
The orc priest is almost dead.
The orc priest invokes the aid of Beogh against you.
Beogh smites you!
Ouch! That really hurt!
You die...

#. ##.##...# #.########.##.##.#
#. #.##..)# #.............##.#
#. #.##...# ##########........
#. #.###.## #..####.# .. #.#
#.# #........ #.# #.# ##.##.###
### #.# #.# ##### ##..<....#
o...#.###.#####...#.....#####.#
o.o..o...).o....@....... #..
#.#..##).####...#...). #..
##.....# ##.## .... #.#.
#..##.# #.# . #... #..##.# #.#
#..##.# #.# #..##.# #.. ...##.#
### ....#..#


You could see an orc priest.

Vanquished Creatures
  2 adders (D:2)
  2 dart slugs (D:1)
  3 orcs (D:3)
  6 ball pythons
  4 bats
  3 endoplasms
  5 giant cockroaches
  4 goblins
  7 hobgoblins
  8 kobolds
  3 quokkas
  6 frilled lizards
  11 rats
64 creatures vanquished.

Notes
Turn   | Place    | Note
-------+----------+-------------------------------------------
     0 | D:1      | NateTC the Spriggan Hunter began the quest for the Orb.
     0 | D:1      | Reached XP level 1. HP: 10/10 MP: 2/2
   177 | D:1      | Reached XP level 2. HP: 14/14 MP: 3/3
   351 | D:1      | Reached skill level 5 in Ranged Weapons
   352 | D:1      | Reached XP level 3. HP: 18/18 MP: 4/4
   627 | D:1      | Found Giomel's Distillery.
  1107 | D:2      | Reached XP level 4. HP: 22/22 MP: 5/5
  1386 | D:2      | Identified the amulet of Tynerumipn {RegenMP +Blink Str+2}
  1564 | D:2      | Found a snail-covered altar of Cheibriados.
  1844 | D:3      | Killed from afar by an orc priest

Illustrated notes

Levels and vault maps discovered:
D:1:      nzn_arrival_crosshair, layout_loops_ring, serial_shops,
          nicolae_shop_behind_doors, glass_columns_a, kennysheep_another_room,
          minmay_rat_gold_closets
D:2:      layout_loops_ring, basic_altar, minmay_pentomino_p2
D:3:      layout_loops_ring, amethyst_overflow_temple_binary,
          mainiacjoe_overflow_boulevard, skrybe_limestone_x

Skill      XL: |  1  2 |
---------------+-------+-----
Ranged Weapons | 5 |  5.8
Fighting       | |  1.5
Dodging        | |  2.9
Stealth        | |  1.5

Action                     |  1- 3 |  4- 6 || total
---------------------------+-------+-------++-------
   Fire: Shortbow          |   104 |    44 ||   148
    Use: Scroll            |     2 |     2 ||     4
 Armour: Robe              |     3 |     2 ||     5
  Dodge: Dodged            |    38 |    19 ||    57
